Map: Eternal Empire LE

Players

Santos - Winner!

  • Race: Zerg Zerg
  • League: Platinum
  • Spawn Location: 7:00

Khun (Ranger)

  • Race: Protoss Protoss
  • Spawn Location: 1:00

Event: SEA Games 2019

VOD

https://youtu.be/e4vhcwJE7Wk

Description

Time

  • Played on: Dec. 5, 2019, 2:09 a.m.
  • Length: 12:56

All games in this series

Show
View Real Time Build Order
Export as new Build Order

Santos Zerg - Winner!

Build Orders: Hatch First 

Get SALT Encoding   

  12  0:00  Drone  
  13  0:12  Overlord  
  13  0:17  Drone  
  14  0:31  Drone x2  
  16  0:48  Hatchery  
  15  0:52  Drone  
  15  0:56  Drone  
  17  0:59  Drone  
  18  1:10  Extractor  
  17  1:16  Spawning Pool  
  17  1:18  Drone  
  17  1:22  Drone  
  18  1:28  Drone  
  19  1:38  Drone  
  20  1:49  Overlord  
  20  2:02  Queen x2  
  20  2:03  Zergling x4  
  26  2:11  Metabolic Boost  
  26  2:13  Drone  
  26  2:15  Drone  
  28  2:25  Drone  
  28  2:26  Drone  
  30  2:36  Drone x2  
  32  2:44  Hatchery  
  31  2:51  Overlord  
  31  2:55  Drone  
  31  2:56  Drone  
  31  2:58  Drone  
  34  3:04  Queen  
  36  3:10  Drone x2  
  38  3:15  Drone x2  
  38  3:16  Zergling x2  
  38  3:17  Drone  
  42  3:21  Overlord  
  41  3:27  Drone  
  41  3:31  Drone  
  43  3:36  Spore Crawler  
  43  3:37  Drone  
  43  3:43  Spore Crawler  
  43  3:44  Spore Crawler  
  43  3:45  Drone x4  
  45  3:51  Overlord  
  45  3:54  Pneumatized Carapace  
  45  3:55  Queen  
  45  3:59  Drone  
  45  4:00  Drone x2  
  48  4:10  Zergling x6  
  48  4:15  Spore Crawler  
  50  4:20  Zergling x2  
  50  4:21  Drone x6  
  57  4:29  Drone  
  57  4:30  Overlord x2  
  58  4:41  Overlord  
  58  4:48  Queen x2  
  58  4:49  Drone  
  58  4:50  Drone x3  
  58  4:51  Overlord  
  66  4:53  Overlord  
  66  5:00  Drone x5  
  66  5:05  Roach Warren  
  67  5:14  Lair  
  67  5:17  Zergling x2  
  67  5:18  Zergling x10  
  72  5:22  Extractor  
  70  5:32  Zergling x14  
  70  5:33  Extractor x2  
  75  5:38  Evolution Chamber  
  75  5:42  Extractor  
  72  5:45  Zergling x8  
  76  5:51  Drone  
  76  5:52  Drone x3  
  76  5:53  Spore Crawler  
  76  5:55  Spore Crawler  
  76  5:56  Queen x2  
  80  5:57  Spore Crawler  
  81  6:05  Overlord x6  
  78  6:17  Drone x8  
  79  6:24  Zergling x8  
  83  6:26  Zergling x2  
  83  6:27  Zergling x4  
  83  6:32  Drone  
  85  6:33  Drone  
  85  6:35  Drone  
  85  6:36  Drone  
  85  6:38  Glial Reconstitution  
  83  6:51  Zerg Missile Weapons Level 1  
  83  6:52  Hydralisk Den  
  82  6:54  Extractor  
  82  6:55  Drone x9  
  82  6:58  Overlord  
  90  7:05  Roach x3  
  94  7:19  Roach x4  
  94  7:22  Hatchery  
  99  7:35  Hydralisk  
  99  7:36  Hydralisk x5  
  111  7:37  Nydus Network  
  112  7:44  Roach x5  
  119  7:52  Drone x2  
  119  7:53  Drone  
  122  8:03  Roach x7  
  136  8:07  Muscular Augments  
  136  8:17  Hydralisk  
  136  8:19  Overlord x5  
  136  8:23  Overseer  
  135  8:34  Drone x8  
  135  8:37  Overlord x2  
  143  8:51  Ravager x8  
  143  8:52  Ravager x4, Zergling x2  
  143  8:53  Zergling x20  
  166  8:56  Zerg Missile Weapons Level 2  
  166  9:03  Evolution Chamber  
  166  9:05  Nydus Canal  
  166  9:08  Roach x6  
  177  9:15  Overlord  
  177  9:20  Hydralisk x4  
  185  9:25  Nydus Canal  
  185  9:30  Hydralisk x4  
  191  9:36  Roach x6  
  175  9:48  Hydralisk x4  
  175  9:50  Zergling x16  
  175  10:06  Roach x5  
  175  10:07  Roach x4  
  179  10:16  Hydralisk  
  179  10:17  Hydralisk x4  
  179  10:20  Extractor x2  
  187  10:28  Zerg Melee Weapons Level 1  
  187  10:30  Hatchery  
  187  10:31  Drone x9  
  187  10:34  Baneling Nest  
  187  10:35  Spore Crawler  
  193  10:46  Drone  
  193  10:47  Drone x10  
  196  11:18  Infestation Pit  
  194  11:22  Hydralisk x3  
  153  11:49  Hydralisk x23  
  153  11:50  Spire  
  196  11:57  Hydralisk x3  
  200  12:05  Hydralisk  
  200  12:09  Nydus Canal  
  200  12:13  Hydralisk x3  
Show
View Real Time Build Order
Export as new Build Order

Khun Protoss 

Build Orders: 1 Gate Expand, Oracle Opening, Phoenix Opening, Carriers, Mass Phoenix 

Get SALT Encoding   

  12  0:00  Probe  
  13  0:12  Probe  
  14  0:18  Pylon  
  14  0:24  Probe (Chrono Boost)  
  15  0:37  Probe (Chrono Boost)  
  15  0:38  Gateway  
  16  0:45  Probe (Chrono Boost)  
  16  0:48  Assimilator  
  17  0:51  Probe  
  18  1:03  Probe  
  19  1:15  Probe  
  20  1:25  Nexus  
  20  1:38  Cybernetics Core  
  20  1:40  Probe  
  20  1:45  Assimilator  
  21  1:51  Pylon  
  21  1:59  Probe (Chrono Boost)  
  23  2:10  Probe (Chrono Boost)  
  23  2:12  Adept (Chrono Boost)  
  23  2:15  Probe (Chrono Boost)  
  25  2:21  Stargate  
  26  2:25  Probe  
  27  2:35  Adept, Warp Gate  
  29  2:38  Probe (Chrono Boost)  
  31  2:45  Probe (Chrono Boost)  
  31  2:47  Probe (Chrono Boost)  
  32  2:52  Probe x2 (Chrono Boost)  
  34  3:04  Probe x2, Phoenix  
  38  3:12  Assimilator  
  38  3:16  Assimilator  
  38  3:17  Pylon  
  38  3:22  Probe  
  38  3:25  Probe  
  38  3:26  Adept  
  42  3:28  Oracle (Chrono Boost)  
  45  3:40  Probe  
  45  3:41  Probe  
  45  3:46  Gateway  
  45  3:52  Probe (Chrono Boost)  
  45  3:55  Stargate  
  47  3:59  Probe (Chrono Boost)  
  47  4:01  Pylon  
  47  4:02  Probe (Chrono Boost)  
  48  4:06  Probe (Chrono Boost)  
  48  4:07  Probe (Chrono Boost)  
  50  4:10  Phoenix  
  52  4:17  Probe  
  52  4:19  Pylon  
  52  4:20  Probe  
  54  4:26  Gateway  
  54  4:29  Probe  
  55  4:36  Gateway  
  57  4:45  Phoenix (Chrono Boost)  
  57  4:46  Phoenix (Chrono Boost)  
  57  4:50  Stalker  
  61  5:01  Probe  
  61  5:02  Probe  
  61  5:05  Zealot  
  65  5:12  Nexus  
  61  5:14  Probe  
  61  5:15  Probe  
  62  5:22  Phoenix x2 (Chrono Boost)  
  66  5:34  Pylon  
  66  5:39  Pylon x2  
  66  5:40  Pylon  
  66  5:47  Phoenix (Chrono Boost)  
  66  5:49  Protoss Air Weapons Level 1  
  70  5:52  Probe  
  70  5:54  Phoenix (Chrono Boost)  
  72  6:01  Pylon  
  72  6:03  Phoenix (Chrono Boost)  
  72  6:05  Zealot, Sentry  
  72  6:07  Shield Battery  
  72  6:08  Probe  
  72  6:10  Sentry  
  80  6:12  Sentry  
  80  6:13  Probe  
  75  6:20  Probe  
  78  6:25  Probe  
  78  6:28  Adept  
  78  6:30  Phoenix (Chrono Boost)  
  78  6:32  Probe, Adept  
  70  6:42  Probe (Chrono Boost)  
  70  6:46  Probe (Chrono Boost)  
  71  6:49  Zealot  
  74  6:54  Probe x2 (Chrono Boost)  
  74  6:58  Probe (Chrono Boost)  
  74  7:00  Zealot  
  78  7:03  Probe (Chrono Boost)  
  78  7:05  Probe x2 (Chrono Boost)  
  78  7:06  Sentry  
  82  7:10  Probe  
  82  7:14  Probe  
  84  7:21  Probe (Chrono Boost)  
  83  7:27  Fleet Beacon  
  83  7:28  Probe (Chrono Boost)  
  85  7:33  Probe (Chrono Boost)  
  86  7:38  Probe (Chrono Boost), Void Ray  
  86  7:43  Probe (Chrono Boost)  
  91  7:44  Probe (Chrono Boost)  
  91  7:48  Probe (Chrono Boost)  
  93  7:53  Assimilator  
  93  7:55  Stargate  
  93  7:56  Probe (Chrono Boost)  
  93  7:57  Assimilator  
  96  7:59  Probe (Chrono Boost)  
  96  8:02  Probe (Chrono Boost)  
  96  8:04  Probe (Chrono Boost)  
  95  8:08  Zealot  
  95  8:09  Probe x2 (Chrono Boost)  
  95  8:11  Probe (Chrono Boost)  
  100  8:17  Probe x2, Void Ray (Chrono Boost)  
  106  8:20  Probe  
  113  8:30  Probe  
  113  8:34  Carrier (Chrono Boost), Sentry x2  
  114  8:36  Carrier (Chrono Boost)  
  114  8:40  Pylon  
  124  8:45  Forge  
  124  8:58  Carrier  
  130  9:08  Zealot  
  132  9:13  Protoss Air Weapons Level 2 (Chrono Boost), Nexus  
  132  9:16  Shield Battery  
  129  9:25  Stalker  
  129  9:26  Stalker  
  129  9:28  Probe  
  129  9:30  Probe  
  124  9:40  Carrier x2 (Chrono Boost)  
  122  9:48  Zealot x2  
  122  9:49  Zealot x2  
  110  10:06  Carrier (Chrono Boost)  
  110  10:28  Photon Cannon  
  110  10:33  Nexus  
  110  10:35  Carrier (Chrono Boost)  
  110  10:37  Assimilator  
  116  10:42  Assimilator  
  116  10:43  Carrier (Chrono Boost)  
  122  10:55  Probe x3  
  125  11:07  Probe x3  
  128  11:13  Zealot  
  128  11:14  Zealot  
  128  11:17  Sentry  
  133  11:19  Probe x2  
  119  11:30  Carrier (Chrono Boost)  
  119  11:32  Probe  
  114  11:35  Probe  
  114  11:39  Zealot x2  
  116  11:41  Probe  
  116  11:44  Zealot, Probe  
  120  11:49  Probe  
  120  11:50  Probe  
  120  11:53  Probe  
  121  11:57  Probe  
  113  12:01  Probe  
  110  12:13  Zealot x3  
  110  12:15  Cybernetics Core  
  101  12:23  Probe x3  
  94  12:34  Zealot x3  
Tags
 
Add a new tag
Caveats
  • Supply blocks, unpowered buildings, or Contaminate may cause inaccurate times.
  • Supply counts are checked every 10 seconds.